 Dungeon Crawl Stone Soup version 0.31-a0-765-g67fe2935dc (webtiles) character file.

Game seed: 3511822365606363118

359 LeprechaunX the Changeling (level 6, -3/41 HPs)
             Began as an Octopode Shapeshifter on Sept 15, 2023.
             Slain by Edmund
             ... wielding a +0 dire flail of protection
              (16 damage)
             ... on level 4 of the Dungeon.
             The game lasted 00:03:32 (3755 turns).

LeprechaunX the Changeling (Octopode Shapeshifter)  Turns: 3755, Time: 00:03:33

Health: -3/41      AC:  1    Str: 15    XL:     6   Next: 65%
Magic:  6/6        EV: 14    Int: 12    God:
Gold:   171        SH:  0    Dex: 12    Spells: 5/5 levels left

rFire   . .          .
                       - Unarmed
rCold   + . .        (no shield)
rNeg    + . .        (helmet currently unavailable)
rPois   .            (no amulet)
rElec   .            e - ring of positive energy
rCorr   .            g - ring of protection from cold
SInv    .            (no ring)
Will    .....        (no ring)
Stlth   ++           (no ring)
HPRegen 0.26/turn    (no ring)
MPRegen 0.10/turn    (no ring)
                     (no ring)

%: no passive effects
@: brilliant, beast-form, invisible
A: beast (slay +2), almost no armour, amphibious, 8 rings, camouflage 1,
gelatinous body 1, (nimble swimmer 1), tentacles
a: Begin Untransformation


You were on level 4 of the Dungeon.
You were a hulking beast.
You visited 1 branch of the dungeon, and saw 4 of its levels.

You collected 171 gold pieces.

Inventory:

Jewellery
 e - a ring of positive energy (left tentacle)
 g - a ring of protection from cold (right tentacle)
 u - a +6 ring of strength
Talismans
 b - a beast talisman (active)
 c - a flux talisman
 r - a serpent talisman
Wands
 q - a wand of flame (18)
Scrolls
 a - 2 scrolls of amnesia {unknown}
 m - 2 scrolls of identify {unknown}
 n - a scroll of blinking {unknown}
 o - 2 scrolls of fear {unknown}
 p - a scroll of teleportation {unknown}
 s - a scroll of revelation {unknown}
Potions
 d - 3 potions of brilliance
 f - a potion of invisibility
 h - 2 potions of enlightenment {unknown}
 i - 3 potions of attraction {unknown}
 j - a potion of heal wounds {unknown}
 k - 2 potions of mutation {unknown}
 l - a potion of berserk rage {unknown}
 t - a potion of might {unknown}


   Skills:
 + Level 2.9 Fighting
 + Level 3.5 Dodging
 + Level 4.1 Unarmed Combat
 * Level 4.8 Shapeshifting


You had 5 spell levels left.
You didn't know any spells.
Your spell library was empty.

Dungeon Overview and Level Annotations

Branches:
Dungeon (4/15)
 Temple: D:4-7

Altars:
Wu Jian

Annotations:
D:4 Edmund


Innate Abilities, Weirdness & Mutations

You are a hulking beast.
Your limbs bulge with bestial killing power. (Slay +2)
You cannot wear most types of armour.
You are amphibious.
You can wear up to eight rings at the same time.
Your skin changes colour to match your surroundings (Stealth+).
Your rubbery body absorbs attacks. (AC +1, EV +1)
((You are camouflaged when in or above water. (Stealth+)))
You have tentacles for arms and can constrict up to eight enemies at once.


Message History

You constrict Edmund, but do no damage. Edmund barely misses you.
You bludgeon Edmund!
Edmund is lightly wounded.
You constrict Edmund.
You tentacle-slap Edmund but do no damage.
You squeeze Edmund, but do no damage.
Edmund is lightly wounded.
You constrict Edmund, but do no damage.
Edmund hits you with a +0 dire flail of protection!
You tentacle-slap Edmund but do no damage.
Edmund is lightly wounded.
You constrict Edmund, but do no damage.
Edmund says, "Everyone always remembers my brother. 'Who's Edmund?' they ask!"
Edmund hits you with a +0 dire flail of protection!
You release your grip on Edmund.
It was a potion of brilliance.
You feel clever all of a sudden. Edmund completely misses you.
It was a potion of invisibility.
You fade into invisibility!
Edmund completely misses you.
You tentacle-slap Edmund. Your grab misses Edmund.
Edmund is lightly wounded.
Edmund hits you with a +0 dire flail of protection.
* * * LOW HITPOINT WARNING * * *
You tentacle-slap Edmund. You grab Edmund.
Edmund is moderately wounded.
You constrict Edmund. Edmund barely misses you.
You tentacle-slap Edmund. You squeeze Edmund!
Edmund is heavily wounded.
You constrict Edmund.
Edmund escapes!
Edmund barely misses you.
You closely miss Edmund. You grab Edmund.
Edmund shouts!
You squeeze Edmund!
Edmund is severely wounded.
You constrict Edmund, but do no damage.
Edmund hits you with a +0 dire flail of protection!
You die...
Edmund says, "That'll show my brother!"

+
...#####......†.......
#
#.#.......#####........
# #.###...### #.##...#.
# #.####..# #.##.###. #
#.##....# #.##.# #. #+#
#.##.##.# #.##.###.
#.#####.##.##.#
#........
#.##.##.##.##.#
####.####
##.#.#.#.....h@#
###.#...
##...###.###.####
#....... #...## ##.##.#
#.#.#.#. ####.## #...#
#.#.#.#. ......# ####
#.#..... ######.#
#.###.#. #.# #<(.....
#.# ######## ##


You could see Edmund (unable to see you).

Vanquished Creatures
  Pargi (D:3)
  A sleepcap (D:3)
  Natasha (thrice) (D:3)
  Terence (D:3)
  5 adders
  A white imp (D:4)
  2 worms
  3 dart slugs
  4 orcs (D:3)
  7 endoplasms
  12 goblins
  4 hobgoblins
  10 jackals
  2 quokkas (D:1)
  5 ball pythons
  3 bats
  3 frilled lizards
  5 kobolds
  2 rats
74 creatures vanquished.

Notes
Turn   | Place    | Note
-------+----------+-------------------------------------------
     0 | D:1      | LeprechaunX the Octopode Shapeshifter began the quest for
                  | the Orb.
     0 | D:1      | Reached XP level 1. HP: 13/13 MP: 1/1
    82 | D:1      | Reached XP level 2. HP: 2/18 MP: 2/2
   954 | D:2      | Reached XP level 3. HP: 18/23 MP: 3/3
  1538 | D:3      | Reached XP level 4. HP: 29/29 MP: 4/4
  1538 | D:3      | Noticed Pargi
  1549 | D:3      | Killed Pargi
  1550 | D:3      | Reached XP level 5. HP: 17/35 MP: 5/5
  1802 | D:3      | Noticed Natasha
  1807 | D:3      | Killed Natasha
  1883 | D:3      | Reached XP level 6. HP: 37/41 MP: 6/6
  1936 | D:3      | Noticed Natasha
  1939 | D:3      | Killed Natasha
  2409 | D:3      | Found an ornate altar of the Wu Jian Council.
  2457 | D:3      | Noticed Terence
  2465 | D:3      | Killed Terence
  2713 | D:3      | Noticed Natasha
  2888 | D:3      | Killed Natasha
  3272 | D:4      | Noticed Edmund
  3755 | D:4      | Slain by Edmund

Illustrated notes

Levels and vault maps discovered:
D:1:      dpeg_arrival_tiny_a, layout_loops_ring
D:2:      layout_loops_ring
D:3:      cheibrodos_greedy_goblins, layout_basic, overflow_temple_1_default,
          minmay_hedge_maze, uniq_natasha, uniq_pargi, uniq_terence
D:4:      layout_loops_corners, amethyst_overflow_temple_binary, uniq_edmund

Skill      XL: |  1  2  3  4  5  6 |
---------------+-------------------+-----
Fighting       | 2 |  2.9
Shapeshifting  | 4 |  4.8
Dodging        | 3 |  3.5
Unarmed Combat | 4 |  4.1

Action                     |  1- 3 |  4- 6 || total
---------------------------+-------+-------++-------
  Melee: Unarmed           |    54 |   110 ||   164
         Constrict         |    15 |    27 ||    42
         Tentacles         |     8 |    26 ||    34
         Punch             |     1 |     6 ||     7
    Use: Potion            |       |     3 ||     3
   Stab: Sleeping          |     4 |     6 ||    10
 Armour: Skin              |    15 |    56 ||    71
  Dodge: Dodged            |    24 |    53 ||    77

Table legend: (Time is in decaauts)
 A = Elapsed time spent in this place.
 B = Non-inter-level travel time spent in this place.
 C = Inter-level travel time spent in this place.
 D = Time resting spent in this place.
 E = Time spent auto-exploring this place.
 F = Levels seen in this place.
 G = Mean time per level.
                   A        B        C        D        E       F      G
               +--------+--------+--------+--------+--------+-----+--------+
         Total |   3748 |   3595 |    153 |    422 |   2639 |   4 |  937.0 |
       Dungeon |   3748 |   3595 |    153 |    422 |   2639 |   4 |  937.0 |
               +--------+--------+--------+--------+--------+-----+--------+

Top non-repeatable levels by time:
     D:3: 1569 daAuts
     D:1: 833 daAuts
     D:2: 691 daAuts
     D:4: 654 daAuts
